[Event "Germany Countries-chT Youth 2022"]
[Site "Wiesbaden"]
[Date "2022.10.01"]
[Round "2"]
[White "Mueller, Sophie Charlotte"]
[Black "Malinowsky, Levi"]
[Result "0-1"]
[ECO "B20"]
[WhiteElo "1435"]
[BlackElo "1879"]
[Annotator "NA COMBH"]
[PlyCount "98"]
[EventDate "2022.09.28"]
[EventType "team-tourn"]
[EventRounds "7"]
[EventCountry "GER"]
[SourceTitle "playchess.com"]
[Source "ChessBase"]
[SourceQuality "1"]
[TimeControl "40/5400+30:1800+30"]

1. e4 c5 2. d3 Nc6 3. Nd2 d6 4. g3 g6 5. Bg2 Bg7 6. Ngf3 e5 7. O-O f5 8. exf5 Bxf5 9. Re1 Qd7 10. Ne4 O-O-O 11. Bg5 Rf8 12. Nfd2 h6 13. Be3 Nf6 14. Nc4 Ne8 15. a4 b6 $18 (15... h5 $16) 16. Nc3 Nf6 17. Nb5 d5 18. a5 Nxa5 19. Nxa5 Qxb5 20. Nb3 a5 21. Bxc5 bxc5 22. Rxa5 Qb6 23. Rxc5+ Kb8 24. c4 Bd7 25. d4 Ba4 26. Qd3 e4 27. Qc3 Rc8 28. Rxc8+ Rxc8 29. Nc5 Bc6 30. b4 dxc4 31. Qxc4 Bd5 32. Qc3 Bc6 33. Ra1 Re8 34. Ra6 Qc7 35. b5 Bb7 36. Ra3 Nd5 37. Qb2 Qxc5 38. dxc5 Bxb2 39. Rb3 Bd4 40. c6 Bc8 41. Rb1 e3 42. fxe3 Nxe3 43. Kh1 Nxg2 44. Kxg2 h5 45. b6 Re2+ 46. Kf3 Bg4+ 47. Kf4 Bf6 48. h4 g5+ 49. hxg5 Be5# 0-1

[Event "Germany Countries-chT Youth 2022"]
[Site "Wiesbaden"]
[Date "2022.10.01"]
[Round "2"]
[White "Dohon, Maria-Johanna"]
[Black "Ulrich, Helena Irene"]
[Result "0-1"]
[ECO "B33"]
[WhiteElo "1430"]
[BlackElo "1573"]
[Annotator "NA RC COMBH"]
[PlyCount "38"]
[EventDate "2022.09.28"]
[EventType "team-tourn"]
[EventRounds "7"]
[EventCountry "GER"]
[SourceTitle "playchess.com"]
[Source "ChessBase"]
[SourceQuality "1"]
[TimeControl "40/5400+30:1800+30"]

1. e4 c5 2. Nf3 Nc6 3. d4 cxd4 4. Nxd4 Nf6 5. Nc3 e5 6. Ndb5 d6 7. Bg5 a6 8. Na3 b5 9. Nd5 Be7 10. Bxf6 Bxf6 11. c3 Bg5 12. Nc2 O-O 13. g3 Be6 14. h4 Bh6 15. Bh3 Bxh3 16. Rxh3 Rb8 17. g4 Bf4 18. Qf3 Re8 19. g5 a5 0-1

[Event "Germany Countries-chT Youth 2022"]
[Site "Wiesbaden"]
[Date "2022.10.01"]
[Round "2"]
[White "Kutz, Ida Klara"]
[Black "Chandrasekher, Ritu"]
[Result "1-0"]
[ECO "A29"]
[WhiteElo "1411"]
[BlackElo "1262"]
[Annotator "NA COMBH"]
[PlyCount "145"]
[EventDate "2022.09.28"]
[EventType "team-tourn"]
[EventRounds "7"]
[EventCountry "GER"]
[SourceTitle "playchess.com"]
[Source "ChessBase"]
[SourceQuality "1"]
[TimeControl "40/5400+30:1800+30"]

1. c4 e5 2. Nc3 Nf6 3. Nf3 Nc6 4. g3 d5 5. cxd5 Nxd5 6. Bg2 Nb6 7. O-O Be7 8. e3 O-O 9. d4 Bd6 10. dxe5 Nxe5 11. Ne4 Nxf3+ 12. Bxf3 Be7 13. b3 Bf5 14. Bb2 Re8 15. Qd4 Qxd4 16. Bxd4 Bb4 17. Nc5 Bxc5 18. Bxc5 c6 19. Rfd1 Rad8 20. Rd4 Rxd4 21. Bxd4 Rd8 22. Rc1 h6 23. Rc5 Bb1 24. a3 Ba2 25. b4 Bd5 26. Be2 Nc8 27. Bd3 b6 28. Rc1 Nd6 29. Kf1 Ne4 30. Ke2 Ng5 31. Bc4 Bf3+ 32. Ke1 Be4 33. Be2 Bf3 34. h4 Bxe2 35. hxg5 Bf3 36. gxh6 gxh6 37. Kd2 a5 38. bxa5 c5 39. axb6 cxd4 40. exd4 Bb7 41. Ke3 Rd6 42. Rb1 Re6+ 43. Kd2 Rd6 44. Rb4 Kf8 45. a4 Rd5 46. Kc3 Ke7 47. Rc4 Rd7 48. Kb4 Kd6 49. Rc5 Ke6 50. Kc4 Rd6 51. a5 Ba6+ 52. Kc3 Rd5 53. f4 Rxc5+ 54. dxc5 Kd5 55. Kd2 Kxc5 56. Ke3 h5 57. Ke4 f6 58. Kf5 Kd4 59. Kxf6 Ke4 60. Kg5 Kf3 61. Kxh5 Kxg3 62. f5 Kf4 63. Kg6 Bc8 64. f6 Bf5+ 65. Kg7 Be6 66. b7 Ke4 67. b8=Q Kd4 68. f7 Kd5 69. Kf6 Bd7 70. Qe5+ Kc6 71. f8=Q Kb7 72. Qfb8+ Kc6 73. Qbc7# 1-0

[Event "Germany Countries-chT Youth 2022"]
[Site "Wiesbaden"]
[Date "2022.10.01"]
[Round "2"]
[White "Gavrylyuk, Oleksandr"]
[Black "Guo, Philipp Ziming"]
[Result "0-1"]
[ECO "B92"]
[WhiteElo "1263"]
[BlackElo "1851"]
[Annotator "NA COMBH"]
[PlyCount "62"]
[EventDate "2022.09.28"]
[EventType "team-tourn"]
[EventRounds "7"]
[EventCountry "GER"]
[SourceTitle "playchess.com"]
[Source "ChessBase"]
[SourceQuality "1"]
[TimeControl "40/5400+30:1800+30"]

1. e4 c5 2. Nf3 d6 3. d4 cxd4 4. Nxd4 Nf6 5. Nc3 a6 6. Be2 e5 7. Nb3 Be6 8. f3 Be7 9. Be3 Nbd7 10. O-O O-O 11. Qd2 Qc7 12. Rad1 Nb6 13. h3 d5 14. exd5 Nbxd5 15. Nxd5 Nxd5 16. Bf2 Rfd8 17. Qc1 Rac8 18. c3 Nf4 19. Rxd8+ Rxd8 20. Qe1 Nxe2+ 21. Qxe2 Bc4 22. Qe1 Bxf1 23. Qxf1 Qd7 24. Qc4 b5 25. Qe4 Qd5 26. Qe3 b4 27. Bg3 bxc3 28. Qxc3 Bf6 29. a3 e4 30. Qe3 exf3 31. gxf3 Bxb2 0-1

[Event "Germany Countries-chT Youth 2022"]
[Site "Wiesbaden"]
[Date "2022.10.01"]
[Round "2"]
[White "Ignatova, Gabriela"]
[Black "Vasylenko, Nadeja"]
[Result "0-1"]
[ECO "C54"]
[WhiteElo "1099"]
[BlackElo "1261"]
[Annotator "NA RC COMBH"]
[PlyCount "47"]
[EventDate "2022.09.28"]
[EventType "team-tourn"]
[EventRounds "7"]
[EventCountry "GER"]
[SourceTitle "playchess.com"]
[Source "ChessBase"]
[SourceQuality "1"]
[TimeControl "40/5400+30:1800+30"]

1. e4 e5 2. Nf3 Nc6 3. Bc4 Bc5 4. c3 Nf6 5. d4 exd4 6. cxd4 Bb4+ 7. Bd2 Bxd2+ 8. Nbxd2 d6 9. d5 Ne7 10. O-O O-O 11. h3 Ng6 12. Re1 Ne5 13. Nxe5 dxe5 14. Nf3 Qe7 15. Qb3 Rd8 16. Ng5 Qd6 17. Rad1 h6 18. Ne6 Re8 19. Bb5 Re7 20. Qc3 fxe6 21. dxe6 Qb6 22. Rd8+ Kh7 23. Qf3 Qxe6 24. g4 0-1

[Event "Germany Countries-chT Youth 2022"]
[Site "Wiesbaden"]
[Date "2022.10.02"]
[Round "3"]
[White "Schmider, Niklas"]
[Black "Grossmann, Piet"]
[Result "1-0"]
[ECO "A05"]
[WhiteElo "2407"]
[BlackElo "1945"]
[Annotator "TA"]
[PlyCount "77"]
[EventDate "2022.09.28"]
[EventType "team-tourn"]
[EventRounds "7"]
[EventCountry "GER"]
[SourceTitle "playchess.com"]
[Source "ChessBase"]
[SourceQuality "1"]
[TimeControl "40/5400+30:1800+30"]

1. Nf3 Nf6 2. g3 e6 3. Bg2 Be7 4. d4 O-O 5. c4 d5 6. Nc3 c5 7. cxd5 exd5 8. O-O c4 9. Bg5 Nc6 10. Ne5 Be6 11. b3 cxb3 {[%emt 0:01:17] D34: Tarrasch Defence: 6 g3 Nf6 7 Bg2 Be7.} 12. axb3 h6 13. Bxf6 Bxf6 {[%emt 0:00:12] White is slightly better.} 14. Nxc6 bxc6 15. Na4 Bf5 16. Rc1 Qd6 17. Qd2 Rab8 {[%emt 0:04:26] [#]} 18. Rc3 $146 ({Predecessor:} 18. Nc5 a5 19. e3 Rb5 20. Rc3 Be7 21. Rfc1 Rc8 22. Bf1 Rb4 23. Qa2 Bd8 24. Bd3 {1-0 (62) Chelushkina,I (2366)-Petrenko,S (2348) Belgrade 2003}) 18... Rfc8 19. Nc5 Bd8 20. Qa2 {[%emt 0:02:54] Against Ba5} Bb6 21. Rfc1 Re8 22. e3 Rbc8 23. Qa4 Re7 24. Bf1 g6 25. Ba6 Rcc7 26. Nd3 Bxd3 27. Bxd3 c5 $2 (27... Re6 $16 {is tougher.}) 28. Qa3 $18 Qf6 29. dxc5 d4 30. exd4 Qxd4 31. cxb6 Rxc3 32. Rxc3 Re1+ {[%emt 0:00:51] [#]} 33. Bf1 $2 (33. Kg2 $1 $18 {is the precise move to win. Threatening mate with Rc8+.} Qxc3 34. bxa7 Qc6+ 35. f3) 33... Qxc3 34. bxa7 Rxf1+ $1 {[%emt 0:00:17][%mdl 64] Remove Defender} 35. Kxf1 $16 {[%emt 0:00:08] KQ-KQ} Qd3+ {[%emt 0:00:18] [#]} 36. Kg1 ({White must play} 36. Ke1 $1 $16 Qc3+ 37. Ke2 Qc2+ 38. Ke3 Qc3+ 39. Ke4 Qc6+ 40. Kd3 Qf3+ 41. Kc4 Qe4+ 42. Kc3 Qe5+ 43. Kd3 Qf5+ 44. Kd4 Qf6+ 45. Kd3 (45. Ke3 Qc3+ 46. Ke4 Qc6+ 47. Kd3 Qf3+ 48. Kd4 Qf6+ 49. Ke4 Qc6+ $16) 45... Qf3+ 46. Kd4 Qf6+ 47. Ke4 (47. Ke3 Qe5+ 48. Kf3 Qf5+ 49. Ke3 Qe5+ 50. Kd2 Qd4+ 51. Kc1 Qc3+ 52. Kb1 Qd3+ 53. Ka2 Qe2+ 54. Qb2 Qa6+ 55. Kb1 Qxa7 $16) 47... Qe6+ 48. Kd4 Qf6+) 36... Qd1+ $2 (36... Qb1+ $11 37. Kg2 Qe4+ 38. Kf1 Qd3+ 39. Ke1 (39. Kg1 Qb1+ 40. Kg2 Qe4+ 41. Kf1 Qd3+ $16) 39... Qe4+ 40. Kd2 Qd4+ 41. Kc1 Qc3+ 42. Kb1 Qd3+ 43. Ka2 Qd2+ 44. Qb2 Qa5+ 45. Kb1 (45. Qa3 Qd2+ 46. Qb2 Qa5+ 47. Kb1 Qxa7 $16) 45... Qxa7) 37. Kg2 Qd5+ 38. f3 Qd2+ 39. Kh3 {[%emt 0:00:17] Weighted Error Value: White=0.40/Black=0.79} 1-0

[Event "Germany Countries-chT Youth 2022"]
[Site "Wiesbaden"]
[Date "2022.10.02"]
[Round "3"]
[White "Kolb, Tobias"]
[Black "Sommer, Justus"]
[Result "1-0"]
[ECO "D35"]
[WhiteElo "2357"]
[BlackElo "2122"]
[Annotator "TA"]
[PlyCount "67"]
[EventDate "2022.09.28"]
[EventType "team-tourn"]
[EventRounds "7"]
[EventCountry "GER"]
[SourceTitle "playchess.com"]
[Source "ChessBase"]
[SourceQuality "1"]
[TimeControl "40/5400+30:1800+30"]

1. d4 d5 2. c4 e6 3. Nc3 Nf6 4. cxd5 exd5 5. Bg5 Be7 6. e3 h6 7. Bh4 O-O 8. Bd3 c6 9. Nge2 $1 {[%emt 0:00:28][%mdl 4] is currently scoring better than 9.Qc2. D35: Queen's Gambit Declined: Exchange Variation.} Re8 10. O-O Nbd7 11. a4 {[%emt 0:07:01] The position is equal.} a5 12. f3 {[%emt 0:00:41][%cal Bf2f3,Bf3e4,Be4e5][%mdl 32] [#]} Qb6 $146 ({Predecessor:} 12... Nf8 13. Kh1 Qb6 14. Qd2 Be6 15. Bf2 Rad8 16. Rad1 Bb4 17. Qc1 Qc7 18. Bg3 Qe7 {0-1 (50) Santos Latasa,J (2680)-Korobov,A (2671) Bydgoszcz 2022}) 13. Bf2 Nf8 14. Qd2 Bb4 15. Kh1 Ne6 (15... Bd7 $11) 16. e4 $1 $16 dxe4 17. fxe4 Ng5 ({Black should play} 17... Qd8 $14) 18. e5 Nfe4 19. Qf4 Nxf2+ 20. Rxf2 Be6 21. h4 Nh7 22. Qe4 $1 Nf8 23. Nf4 $1 Bb3 (23... Bg4 $142) 24. Nh5 $18 Be6 $2 (24... Re6 25. Nf6+ gxf6 26. Qg4+ Kh8) 25. Rf3 Rad8 26. Rg3 Ng6 27. Ne2 {[%emt 0:02:51] And now Rxg6 would win.} (27. Rxg6 Qxd4 28. Rxg7+ Kf8 $18) 27... Bd5 28. Qe3 $40 {[%emt 0:01:59][%mdl 128] Black is in trouble.} ({Don't do} 28. Nf6+ gxf6 29. Rxg6+ Kf8 $18) (28. Qf5 $18 {has better winning chances. Strongly threatening Rxg6.} Be6 29. Nf6+ $1 Kf8 30. Qh5 gxf6 31. Bxg6 (31. exf6 Bd2 $18) (31. Qxh6+ Ke7 $11)) 28... Rxe5 $2 {[%emt 0:04:00] Loses the game.} 29. dxe5 {[%emt 0:00:14] The board is on fire.} Bc5 30. Qc1 Bf2 31. Bxg6 (31. Rg4 $142 Be6 {[#]} 32. Nf6+ $1 Kh8 33. Bxg6 Bxg4 34. Nxg4 fxg6 35. e6 Bxh4 36. Ne5) 31... fxg6 $2 (31... Bxg3 32. Bxf7+ (32. Nexg3 fxg6 33. Nf4 Qd4 $16) 32... Bxf7 33. Nhxg3 (33. Nexg3 Qb4 $18) 33... Re8) 32. Rxg6 {[%emt 0:00:43] White threatens Qxh6 and mate.} Be3 33. Rxg7+ Kh8 34. Qc2 {[%emt 0:00:16] Weighted Error Value: White=0.37/Black=0.66} 1-0

[Event "Germany Countries-chT Youth 2022"]
[Site "Wiesbaden"]
[Date "2022.10.02"]
[Round "3"]
[White "Stelmaszyk, Nico"]
[Black "Krastev, Alexander"]
[Result "1-0"]
[ECO "C55"]
[WhiteElo "2355"]
[BlackElo "2431"]
[Annotator "TA"]
[PlyCount "101"]
[EventDate "2022.09.28"]
[EventType "team-tourn"]
[EventRounds "7"]
[EventCountry "GER"]
[SourceTitle "playchess.com"]
[Source "ChessBase"]
[SourceQuality "1"]
[TimeControl "40/5400+30:1800+30"]

1. e4 {[%emt 0:00:03] ChessBase II} e5 2. Nf3 Nc6 3. Bc4 Nf6 4. d3 Be7 5. Nc3 O-O 6. O-O d6 7. a3 Be6 {[%emt 0:00:53] C55: Two Knights: 4 d3, 4 d4 exd4 5 e5 and Max Lange Attack.} 8. Nd5 Qd7 {[%emt 0:00:27] 8...Nb8 is a critical line.} 9. Bg5 {[%emt 0:00:55] [#]} Ne8 $146 {The position is equal.} ({Predecessor:} 9... Bxd5 10. exd5 Nd4 11. Nxd4 exd4 12. Qf3 Rae8 13. Rae1 Bd8 14. h3 Qa4 15. Qd1 Qd7 {½-½ (55) Andreikin,D (2736)-Rapport,R (2702) Wijk aan Zee 2017 CBM 177 [ChessBase II]}) 10. c3 Bd8 11. b4 Kh8 12. Ne3 f6 13. Bh4 g5 14. Bg3 Ng7 15. d4 {[%emt 0:03:41] [#] d5 is the strong threat.} Bxc4 16. Nxc4 Qf7 17. Ne3 h6 18. Qd3 Ne7 19. c4 exd4 (19... f5 $16) 20. Nxd4 $18 f5 21. f4 {[%emt 0:04:05] White has more active pieces.} g4 22. Be1 Qg6 23. exf5 Ngxf5 24. Bc3 {[%emt 0:02:43] Hoping for Nexf5.} Kh7 25. Nexf5 ({Better is} 25. Rad1 $16) 25... Nxf5 $14 26. Nxf5 Qxf5 27. Qxf5+ ({Don't play} 27. Qd4 Bf6 28. Qd2 Rae8 $11) 27... Rxf5 28. Rae1 $36 {[%emt 0:00:30][%mdl 2048] White is more active.} a5 29. Re8 axb4 30. axb4 ({Much weaker is} 30. Bxb4 Kg7 $11) 30... Bf6 $2 {[%emt 0:04:06] Inhibits Bd4. Black cannot hold the game after this.} 31. Rxa8 $18 Bxc3 {[%emt 0:00:03][%mdl 4096] Endgame KRR-KRB} 32. Re8 Bxb4 33. Re7+ Kg6 34. Rxc7 Bc5+ 35. Kh1 b6 36. g3 Rf8 37. Re7 Kf5 38. Rh7 Ke4 $2 (38... Kg6 {is tougher.}) 39. Rxh6 Kd3 40. Rg6 Kxc4 41. f5 d5 42. f6 d4 43. Rxg4 Kc3 44. Rg7 Rd8 45. f7 {[%emt 0:02:18] aiming for Rc1+.} d3 46. Rg8 Bf8 47. g4 {[%emt 0:01:53][%cal Bg3g4,Bg4g5][%mdl 32] And now g5 would win.} d2 48. Kg2 Kc2 49. g5 d1=Q 50. Rxd1 Kxd1 {[%emt 0:00:10] [#]} 51. Rxf8 $1 {[%emt 0:01:05][%mdl 576] Promotion.  Weighted Error Value: White=0.15 (very precise) /Black=0.37} 1-0

[Event "Germany Countries-chT Youth 2022"]
[Site "Wiesbaden"]
[Date "2022.10.02"]
[Round "3"]
[White "Boder, Jan"]
[Black "Waffenschmidt, Lars"]
[Result "1-0"]
[ECO "C50"]
[WhiteElo "2341"]
[BlackElo "2302"]
[Annotator "TA"]
[PlyCount "79"]
[EventDate "2022.09.28"]
[EventType "team-tourn"]
[EventRounds "7"]
[EventCountry "GER"]
[SourceTitle "playchess.com"]
[Source "ChessBase"]
[SourceQuality "1"]
[TimeControl "40/5400+30:1800+30"]

1. e4 e5 2. Nf3 Nc6 3. Bc4 Bc5 4. d3 Nf6 5. Nc3 h6 6. O-O O-O 7. h3 a6 8. Be3 Bxe3 9. fxe3 d6 10. a3 Be6 {[%emt 0:00:15] C50: Hungarian Defence and Giuoco Pianissimo.} 11. Nd5 Bxd5 12. Bxd5 Nxd5 {[%emt 0:01:16] The position is equal.} 13. exd5 Ne7 14. c4 {[%emt 0:01:06] [#]} f5 $146 ({Predecessor:} 14... c6) 15. d4 e4 16. Nd2 Qd7 17. h4 ({Better is} 17. Qc2 $15) 17... f4 18. Rxf4 Rxf4 19. exf4 e3 ({Black should try} 19... Rf8 $1 $15) 20. Nf1 $1 $11 Qf5 (20... Nf5 $11 21. Qd3 Re8) 21. Qf3 $14 (21. Nxe3 Qxf4 22. Qd3 Rf8 $11) 21... Qc2 22. Nxe3 Qxb2 23. Rd1 Ng6 $2 (23... Rf8 $11 {and Black is okay.}) 24. Qg4 $2 (24. f5 $18 {and White stays clearly on top.} Nxh4 25. Qg4) 24... Qb3 $16 25. Nf5 (25. Qxg6 Qxe3+ 26. Kh2 Qxf4+ 27. Kh3 Qe3+ 28. g3 Qf2 $11) 25... Rf8 {[%emt 0:00:10][%cal Of8f5] White must now prevent ...Rxf5!} 26. Re1 $1 $40 {[%emt 0:00:31][%mdl 128] Black is in trouble.} (26. Qxg6 $6 Qxd1+ 27. Kh2 Rxf5 28. Qxf5 Qxd4 $11) 26... Qc3 $2 {[%emt 0:02:45][%mdl 8192] [#]} (26... Qc2 $16 {is more resistant.}) 27. Re4 $1 $18 ({Worse is} 27. Qxg6 Qxe1+ 28. Kh2 Rxf5 29. Qxf5 Qxh4+ 30. Kg1 Qe1+ 31. Kh2 Qh4+ 32. Kg1 Qe1+ 33. Kh2 Qe3 $11) 27... Rf6 28. h5 Qd3 29. Re8+ Kf7 30. Re7+ Kf8 31. hxg6 {[%emt 0:02:48] White wants to mate with Rf7+.} Qxf5 32. Qxf5 ({Weaker is} 32. Qe2 Qxg6 33. Rxc7 (33. f5 Qxf5 34. Rxc7 Kg8 $11) 33... Rxf4 $16) 32... Rxf5 33. Rxc7 Rxf4 {[%emt 0:00:20][%mdl 4096] Endgame KR-KR} 34. Rc8+ $2 (34. c5 $18 Re4 35. Rf7+ Ke8 36. Rxg7) 34... Ke7 $11 35. Rc7+ Kd8 $2 (35... Kf8 $11) 36. Rxg7 $18 {[%emt 0:00:15] White is clearly winning.} Kc8 37. Rf7 Rg4 38. g7 {[%emt 0:00:04] Rf8+ would kill now.} b5 39. cxb5 axb5 40. Rf8+ {[%emt 0:00:04] Weighted Error Value: White=0.42/Black=0.73} 1-0

[Event "Germany Countries-chT Youth 2022"]
[Site "Wiesbaden"]
[Date "2022.10.02"]
[Round "3"]
[White "Huber, Benedikt"]
[Black "Falke, Ornella"]
[Result "1-0"]
[ECO "C50"]
[WhiteElo "2299"]
[BlackElo "1953"]
[Annotator "TA"]
[PlyCount "69"]
[EventDate "2022.09.28"]
[EventType "team-tourn"]
[EventRounds "7"]
[EventCountry "GER"]
[SourceTitle "playchess.com"]
[Source "ChessBase"]
[SourceQuality "1"]
[TimeControl "40/5400+30:1800+30"]

1. e4 e5 2. Nf3 Nc6 3. Bc4 Nf6 4. d3 Bc5 5. Bg5 h6 6. Bh4 d6 7. c3 a6 {[%emt 0:01:56] 7...a5 is the modern continuation.} 8. Nbd2 {[%emt 0:00:31] C54: Giuoco Piano: 4 c3 Nf6, main lines with 5 d4 and 5 d3.} Ba7 9. O-O g5 10. Bg3 {[%emt 0:00:05] White has an edge.} Na5 11. Bd5 c6 {[%emt 0:01:38] [#]} 12. Bxf7+ Kxf7 13. b4 Be6 {[%emt 0:05:10][%cal Of7g8] [#]} 14. bxa5 $146 ({Predecessor:} 14. Qa4 b5 15. Qxa5 Qxa5 16. bxa5 Nh5 17. Bxe5 dxe5 18. Nxe5+ Ke8 19. Nxc6 Nf4 20. a4 {½-½ (57) Sorroche Lupion,F (2361)-Marcotulli,G (2200) SEMI email 2001}) 14... Qxa5 (14... Kg8 $16) 15. d4 g4 16. dxe5 gxf3 17. exf6 Qxc3 (17... fxg2 {might work better.} 18. Kxg2 Rad8) 18. Nxf3 Rad8 (18... Qxf6 $142 19. Rb1 (19. Qxd6 Rhe8 $18) 19... b5 20. Qxd6 Rhe8) 19. e5 dxe5 20. Qe2 (20. Bxe5 Rxd1 21. Bxc3 Rxf1+ 22. Rxf1 Bb8 $11) (20. Nxe5+ Qxe5 21. Bxe5 Rxd1 22. Rfxd1 (22. Raxd1 Bd5 $18) 22... Bd5 $18) (20. Qb1 Bd4 $18) 20... Bb8 21. Rfe1 Rd5 22. Rac1 Qd3 23. Qb2 (23. Bxe5 Qxe2 24. Rxe2 Bxe5 25. Nxe5+ Kxf6 $11) (23. Nxe5+ Bxe5 24. Qh5+ (24. Bxe5 Qxe2 25. Rxe2 Rhd8 $11) 24... Qg6 25. Qxg6+ Kxg6 $14) 23... Rb5 24. Qa1 Qf5 (24... Re8 {is a better defense.} 25. a4 (25. Bxe5 Qxf3 26. gxf3 Bxe5 $18) (25. Nxe5+ Bxe5 26. Bxe5 Bd5 $16) 25... Rb3 26. Bxe5 (26. Nxe5+ Bxe5 27. Qxe5 Qg6 $18) 26... Qf5) 25. Bxe5 Rg8 {[%emt 0:02:29] Hoping for ...Qxf3.} 26. Qc3 {[%emt 0:06:34] Dancing on a razor blade.} ({Not} 26. Nh4 $2 Qxe5 27. g3 (27. Rxe5 $2 Bxe5 28. Qb1 Rxb1 $19) 27... Qxf6 28. Qxf6+ Kxf6 $19) 26... Bd5 $2 (26... Ba7 27. Qa3 Re8) 27. Bxb8 $18 Qxf3 28. Re7+ ({Weaker is} 28. Qxf3 Bxf3 29. Bg3 Bd5 $11) 28... Kf8 {[%emt 0:00:10][%csl Gd5,Gg8][%cal Rf3g2] [#]} 29. Re8+ $3 Kf7 (29... Kxe8 $2 30. Qe5+ Kf7 31. Qe7+ Kg6 32. gxf3) 30. Qxf3 Kxe8 (30... Bxf3 $18 31. Rxg8 Kxg8 32. gxf3 Kf7) 31. Qe3+ (31. Re1+ $142 Kf7 32. Qh5+ Kxf6 33. Qxh6+ Rg6 34. Be5+ Ke7 35. Qxg6 Be4 36. Qg7+ Ke6 37. Qf6+ Kd7 38. Qf7+ Kd8 39. Bf6+ Kc8 40. Qe8+ Kc7 41. Qd8#) 31... Kf7 32. Bg3 {[%emt 0:00:54] aiming for Re1.} Kxf6 33. Qxh6+ {[%emt 0:00:26] White mates.} Rg6 34. Qf8+ Bf7 35. Bh4+ {[%emt 0:00:10] Black got outplayed after the opening.  Weighted Error Value: White=0.28 (precise) /Black=0.63} 1-0

[Event "Germany Countries-chT Youth 2022"]
[Site "Wiesbaden"]
[Date "2022.10.02"]
[Round "3"]
[White "Laux, Dominik"]
[Black "Popist, Florian"]
[Result "1/2-1/2"]
[ECO "B27"]
[WhiteElo "2248"]
[BlackElo "2187"]
[Annotator "TA"]
[PlyCount "68"]
[EventDate "2022.09.28"]
[EventType "team-tourn"]
[EventRounds "7"]
[EventCountry "GER"]
[SourceTitle "playchess.com"]
[Source "ChessBase"]
[SourceQuality "1"]
[TimeControl "40/5400+30:1800+30"]

1. e4 c5 2. Nf3 g6 3. c3 Bg7 4. d4 cxd4 5. cxd4 d5 6. e5 Bg4 7. Be2 Nc6 8. Nc3 Nh6 {[%emt 0:01:52] was the old line (8...e6).} 9. Bxh6 {[%emt 0:09:26] B27: Sicilian: 2 Nf3, unusual Black 2nd moves.} Bxh6 10. Qb3 Bxf3 (10... O-O $15 11. Rd1 Rb8) 11. Bxf3 $11 {[%emt 0:00:07] The position is equal.} e6 12. Rd1 {[%emt 0:04:40] [#]} Qd7 $146 ({Predecessor:} 12... Qe7 13. Bxd5 O-O 14. Bxc6 bxc6 15. O-O Rab8 16. Qc2 Rfd8 17. Ne4 Qb4 18. Nf6+ Kh8 {1-0 (27) Sibt,A (2071)-Al Busaidi,H (1651) Chess.com INT 2020}) 13. Be2 O-O 14. Na4 Qe7 15. O-O Rfc8 16. a3 Rc7 17. Qh3 Bf8 18. Qe3 Rac8 19. Qd2 Qe8 {[%emt 0:08:18][%cal Oc6e5] ...Nxe5! is the strong threat.} 20. Nc3 a6 21. Rc1 b5 22. Na2 Nb8 23. Rxc7 Rxc7 24. Rc1 $1 Qd8 25. Rxc7 Qxc7 26. Nc1 $1 Nc6 {[%emt 0:01:57][%cal Oc6d4] Hoping for ...Nxd4!} 27. Nb3 Qb6 28. Qd3 $1 Be7 29. g3 Na7 30. Kg2 Kg7 31. f4 Nc6 32. Kf1 Na5 33. Nxa5 Qxa5 34. Bd1 Qc7 {[%emt 0:04:04] Weighted Error Value: White=0.07 (flawless) /Black=0.10 (very precise)} 1/2-1/2

[Event "Germany Countries-chT Youth 2022"]
[Site "Wiesbaden"]
[Date "2022.10.02"]
[Round "3"]
[White "von Mettenheim, Johannes"]
[Black "Gluma, Christian"]
[Result "1/2-1/2"]
[ECO "B06"]
[WhiteElo "2231"]
[BlackElo "2107"]
[Annotator "TA"]
[PlyCount "94"]
[EventDate "2022.09.28"]
[EventType "team-tourn"]
[EventRounds "7"]
[EventCountry "GER"]
[SourceTitle "playchess.com"]
[Source "ChessBase"]
[SourceQuality "1"]
[TimeControl "40/5400+30:1800+30"]

1. d4 g6 2. e4 Bg7 3. Nc3 c6 4. Nf3 d5 5. h3 dxe4 6. Nxe4 Nf6 7. Nxf6+ exf6 8. Bd3 O-O 9. O-O {[%emt 0:00:06] Active counter play!} a5 {[%emt 0:00:34] B15: Caro-Kann: 3 Nc3: 3...g6 and 3...dxe4 4 Nxe4 Nf6 5 Nxf6+ exf6.} 10. Bf4 {[%emt 0:02:21] was the old line (10.Re1).} Na6 11. c3 Be6 12. Qc2 {[%emt 0:02:14] [#]} Qb6 $146 ({Predecessor:} 12... Qd7 13. Rfe1 Rfe8 14. Nd2 f5 15. Nf3 f6 16. Nd2 Kh8 17. Nc4 Bxc4 18. Bxc4 b5 {½-½ (25) Luther,T (2559)-Reschke,S (2365) Germany 2014}) 13. Rfd1 Rfd8 14. Nd2 Rd7 15. Ne4 f5 16. Nd2 (16. Ng5 $1 $14) 16... c5 17. dxc5 Nxc5 18. Bf1 Bd5 19. Nc4 Qe6 20. Qe2 Na4 21. Ne3 Bc6 22. Rxd7 Qxd7 23. Nc4 Bb5 24. Qc2 Bxc4 25. Bxc4 Nb6 26. Rd1 Qe8 27. Be2 Rd8 28. Bc7 {[%emt 0:02:58] This bishop pair is nice.} Rxd1+ 29. Qxd1 Na4 30. Bb5 Nxb2 $11 (30... Qxb5 $2 31. Qd8+ Bf8 32. Bd6 $18) 31. Qd2 Bxc3 $1 (31... Qxb5 $2 32. Qd8+ Bf8 33. Bd6 $18) 32. Qxc3 Qxb5 $15 {[%emt 0:00:10][%mdl 4096] Endgame KQB-KQN} 33. Qd4 Nc4 34. Bf4 ({White should play} 34. Qd8+ $15 Kg7 35. Qd4+ f6 36. Bd8) 34... Qb1+ $17 35. Kh2 Qe4 (35... Qxa2 $2 {is a self mate.} 36. Bh6 f6 37. Qd5+ Kh8 38. Qd8#) 36. Qd8+ Kg7 37. Bg5 (37. Kg3 $17) 37... Qe5+ $19 38. f4 (38. Kg1 $142) 38... Qd6 {[%emt 0:00:23] Strongly threatening ...Qxd8.} 39. Qc8 Nd2 (39... b5 $19 {has better winning chances. Hoping for ...a4.} 40. Kh1 a4) 40. Qxb7 {[%emt 0:04:39] [#]} (40. Qc3+ $17 f6 41. Bxf6+ Qxf6 42. Qxd2) 40... h6 $2 (40... Qd4 $1 $19 {And now ...h6 would win.} 41. Qb8 Nf1+ 42. Kh1 Ng3+ 43. Kh2 Ne2 44. Qe5+ Qxe5 45. fxe5 Kf8) 41. Qb2+ $11 {[%emt 0:30:25] The position is equal.} Kh7 42. Bxh6 f6 43. Bf8 {[%emt 0:00:09] White threatens Qb7+ and mate.} Qxf4+ 44. Kh1 {[%emt 0:00:14] [#] Intending Qb7+ and mate.} Qf1+ 45. Kh2 {[%emt 0:00:05] Threatening mate with Qb7+.} Qf4+ 46. Kh1 Qf1+ 47. Kh2 {[%emt 0:00:00] White wants to mate with Qb7+.} Qf4+ {[%emt 0:00:00] Weighted Error Value: White=0.20 (precise) /Black=0.17 (very precise)} 1/2-1/2